 Dungeon Crawl Stone Soup version 0.21.1-1-g345015f (webtiles) character file.

6276 shakethe the Cleaver (level 10, 0/63 HPs)
             Began as a Gargoyle Fighter on Feb 15, 2018.
             Was a Priest of Okawaru.
             Slain by a big kobold
             ... wielding the +4 halberd of Ehoho {chop, rN+}
              (1 damage)
             ... on level 8 of the Dungeon.
             The game lasted 00:20:15 (9246 turns).

shakethe the Cleaver (Gargoyle Fighter)             Turns: 9246, Time: 00:20:17

Health: 0/63       AC: 20    Str: 23    XL:     10   Next: 94%
Magic:  10/11      EV: 10    Int:  8    God:    Okawaru [***...]
Gold:   439        SH:  9    Dex:  9    Spells: 9/9 levels left

rFire    . . .     SeeInvis .   b - +3 flail
rCold    . . .     Gourm    .   c - +0 shield
rNeg     + + .     Faith    .   u - +2 ring mail "Erphiod" {Str+3 Int-4}
rPois    ∞         Spirit   .   (no helmet)
rElec    +         Reflect  .   x - scarf {cloud immunity}
rCorr    .         Harm     .   (no gloves)
MR       .....                  (no boots)
Stlth    ..........             (no amulet)
HPRegen  0.20/turn              p - ring of positive energy {rN+}
MPRegen  0.12/turn              n - +5 ring of protection

@: no status effects
A: negative energy resistance 1, electricity resistance, unbreathing,
petrification resistance, rot immunity, AC +7
a: Heroism, Renounce Religion


You were on level 8 of the Dungeon.
You worshipped Okawaru.
Okawaru was most pleased with you.
You were not hungry.

You visited 1 branch of the dungeon, and saw 8 of its levels.

You collected 439 gold pieces.

Inventory:

Hand Weapons
 a - a +1 war axe of chopping
   (You found it on level 8 of the Dungeon)
 b - a +3 flail (weapon)
   (You found it on level 8 of the Dungeon)
 F - the +7 long sword "Q" {elec, rC+ Stlth+}
   (You found it on level 8 of the Dungeon)

   Occasionally, upon striking a foe, it will discharge some electrical energy
   and cause terrible harm.
   It protects you from cold.
   It makes you more stealthy.
Missiles
 e - 2 curare-tipped needles
Armour
 c - a +0 shield (worn)
 u - the +2 ring mail "Erphiod" (worn) {Str+3 Int-4}
   (You found it on level 4 of the Dungeon)

   It affects your strength (+3).
   It affects your intelligence (-4).
 x - a scarf of cloud immunity (worn)
   (You found it on level 5 of the Dungeon)
Jewellery
 n - a +5 ring of protection (right hand)
   (You found it on level 2 of the Dungeon)
 o - an uncursed ring of resist corrosion
   (You found it on level 2 of the Dungeon)
 p - a ring of positive energy (left hand) {rN+}
   (You found it on level 3 of the Dungeon)
 A - an uncursed ring of ice {unknown}
   (You found it on level 8 of the Dungeon)
Wands
 t - a wand of acid (7)
   (You found it on level 6 of the Dungeon)
Scrolls
 g - 2 scrolls of remove curse
 h - a scroll of teleportation
 k - 4 scrolls of amnesia
 m - 2 scrolls of enchant weapon
 v - a scroll of immolation {unknown}
 y - a scroll of blinking {unknown}
 E - a scroll of fear {unknown}
Potions
 d - 2 potions of might
 i - 2 potions of magic
 j - a potion of flight
 l - a potion of mutation {!q}
 q - 4 potions of curing
 r - a potion of ambrosia
 z - 2 potions of cancellation
 C - a potion of degeneration {unknown}
Books
 s - Sif Muna's Grimoire of Lightness
   (You found it on level 8 of the Dungeon)

   Spells                             Type                      Level
   a - Shock                          Conjuration/Air              1
 w - a book of Maledictions
   (You found it on level 7 of the Dungeon)
 B - a book of Cantrips
   (You found it on level 4 of the Dungeon)
Comestibles
 f - 10 rations


   Skills:
 + Level 7.1 Fighting
 * Level 11.4 Axes
 + Level 7.2 Armour
 + Level 4.7 Dodging
 - Level 3.2 Shields
 + Level 2.3 Invocations


You had 9 spell levels left.
You didn't know any spells.

Dungeon Overview and Level Annotations

Branches:
Dungeon (8/15)             Temple (0/1) D:7
   Lair: D:8-11

Altars:
Fedhas
Gozag
Nemelex Xobeh
Okawaru
Sif Muna
Trog
Uskayaw

Shops:
D:5 }

Annotations:
D:3 exclusion: oklob plant


Innate Abilities, Weirdness & Mutations

You are resistant to torment.
Your stone body is resilient. (AC +7)
You are immune to poison.
You resist negative energy. (rN+)
You are resistant to electric shocks. (rElec)
You can survive without breathing.
You are immune to petrification.
You are immune to rotting.


Message History

You bludgeon the four-headed hydra!! The yak misses you.
You block the big kobold's attack.
You block the four-headed hydra's attack.
The four-headed hydra bites you but does no damage. x2
The four-headed hydra misses you. The dream sheep bites you.
You take 1 damage, and have 29/61 hp.
You hit the four-headed hydra.
The dream sheep splashes around in the water.
The yak gores you but does no damage.
You block the four-headed hydra's attack.
The four-headed hydra bites you.
You block the four-headed hydra's attack. x2
The dream sheep barely misses you.
The big kobold hits you but does no damage.
You take 1 damage, and have 28/61 hp.
Your ring mail "Erphiod" prevents you from hitting the four-headed hydra.
The dream sheep bites you. You block the yak's attack.
The four-headed hydra closely misses you.
The four-headed hydra bites you but does no damage. x2
You block the four-headed hydra's attack.
The dream sheep bites you.
You take 7 damage, and have 21/61 hp.
You barely miss the four-headed hydra.
The big kobold hits you but does no damage.
The dream sheep splashes around in the water.
The yak barely misses you.
You block the four-headed hydra's attack.
The four-headed hydra bites you but does no damage.
You block the four-headed hydra's attack. x2
You hit the four-headed hydra but do no damage.
The dream sheep bites you.
* * * LOW HITPOINT WARNING * * *
The big kobold barely misses you. You block the dream sheep's attack.
The yak closely misses you.
You take 4 damage, and have 17/61 hp.
You hit the four-headed hydra.
The four-headed hydra bites you but does no damage.
The four-headed hydra closely misses you.
The four-headed hydra bites you but does no damage.
The four-headed hydra completely misses you.
The dream sheep bites you but does no damage.
The dream sheep closely misses you.
You bludgeon the four-headed hydra!! The yak gores you but does no damage.
The big kobold hits you from afar with a warped halberd {chop}.
* * * LOW HITPOINT WARNING * * *
x2 The four-headed hydra bites you.
* * * LOW HITPOINT WARNING * * *
You block the four-headed hydra's attack.
The four-headed hydra bites you but does no damage.
You block the four-headed hydra's attack.
The dream sheep misses you.
You bludgeon the four-headed hydra!!
You kill the four-headed hydra!
Okawaru is honoured by your kill.
Your base Fighting skill increases to level 7!
Your base Armour skill increases to level 7!
Your Invocations skill increases to level 2!
The dream sheep bites you but does no damage.
The yak gores you but does no damage. You block the big kobold's attack.
The dream sheep misses you.
You take 5 damage, and have 12/63 hp.
The dream sheep splashes around in the water.
The yak closely misses you.
The dream sheep bites you but does no damage.
You block the big kobold's attack.
You see here a hydra corpse.
You sock the yak!
The dream sheep splashes around in the water.
The yak barely misses you.
The dream sheep bites you but does no damage.
You bludgeon the yak!!
You kill the yak!
Okawaru accepts your kill. The big kobold barely misses you.
You block the dream sheep's attack.
A yak comes into view.
You hit the dream sheep. The dream sheep barely misses you.
The big kobold barely misses you. The dream sheep barely misses you.
You bludgeon the dream sheep!!
You feel like a meek peon again.
The yak moves out of view.
The dream sheep closely misses you.
The dream sheep bites you but does no damage.
You sock the dream sheep!
You kill the dream sheep!
Okawaru accepts your kill. You block the big kobold's attack.
The dream sheep bites you but does no damage.
You barely miss the dream sheep.
The big kobold hits you from afar with a warped halberd {chop}.
* * * LOW HITPOINT WARNING * * *
x2 You block the dream sheep's attack.
You take 2 damage, and have 11/63 hp.
You thump the dream sheep! The dream sheep bites you.
* * * LOW HITPOINT WARNING * * *
The big kobold hits you but does no damage.
You take 2 damage, and have 9/63 hp.
You sock the dream sheep! The dream sheep bites you.
* * * LOW HITPOINT WARNING * * *
The big kobold hits you from afar with a warped halberd {chop}.
* * * LOW HITPOINT WARNING * * *
You die...

.≈.≈..........≈...........#......
..≈≈≈≈≈≈≈≈≈≈≈≈≈.≈≈......###......
...≈≈......)..≈.≈≈......# ##...##
≈≈≈≈...∩..≈...≈≈≈.......###....##
≈≈...≈....≈≈≈≈≈≈≈≈.##.....+......
.≈...≈≈......≈≈.≈≈......###....#.
.≈≈≈≈≈≈≈≈≈≈)≈≈≈≈≈...#....##....#.
....≈.≈≈..≈≈≈≈..†≈≈..............
...≈≈≈.≈≈≈≈.≈...@.........#......
##..............)Y......#.##.....
##.#....#...[.YK........#.##....)
#..#.....#####.#####+##.#..#.....
#.##.....# ≈.≈. #........#.....
..##.....# ≈... #..............
..##.....#≈≈≈% #..............
........##≈≈≈. ##+##..........
......### ##..........


You could see a yak, a big kobold and a dream sheep.

Vanquished Creatures
  A hydra (D:8)
  Pikel (D:8)
  The ghost of xccam the Spear-Bearer, a novice MfGl (D:4)
  A polar bear (D:8)
  The ghost of Frank the Slasher, an amateur OpFi (D:5)
  A dream sheep (D:8)
  12 yaks (D:8)
  A slave (D:8)
  3 ice beasts (D:8)
  A black bear (D:6)
  3 ogres
  2 sky beasts (D:6)
  A wolf (D:8)
  2 big kobolds (D:8)
  4 bullfrogs
  A wyvern zombie (D:3)
  4 scorpions
  2 electric eels (D:8)
  4 crimson imps
  A centaur zombie (D:8)
  A quasit (D:7)
  2 orc priests
  3 hounds
  A jelly (D:8)
  2 bullfrog skeletons
  2 centaur skeletons
  A gnoll shaman (D:4)
  3 iguanas
  7 orc wizards
  4 worker ants
  2 worker ant zombies (D:6)
  3 gnolls (D:4)
  8 adders
  2 white imps (D:8)
  A worker ant simulacrum (D:8)
  An ufetubus (D:8)
  An adder skeleton (D:7)
  5 worms
  An adder simulacrum (D:8)
  2 dart slugs
  3 leopard geckos
  20 orcs
  6 giant cockroaches
  7 goblins
  6 hobgoblins
  9 jackals
  5 kobolds
  A quokka (D:6)
  A ball python (D:4)
  8 bats
  8 frilled lizards
  A quokka zombie (D:6)
  6 rats
180 creatures vanquished.

Vanquished Creatures (others)
  3 slaves (D:8)
  A bullfrog simulacrum (D:8)
  A worker ant simulacrum (D:8)
  An ufetubus (D:8)
  7 plants (D:8)
13 creatures vanquished.

Grand Total: 193 creatures vanquished

Notes
Turn   | Place    | Note
-------+----------+-------------------------------------------
     0 | D:1      | shakethe the Gargoyle Fighter began the quest for the Orb.
     0 | D:1      | Reached XP level 1. HP: 14/14 MP: 1/1
    43 | D:1      | Reached skill level 2 in Axes
    60 | D:1      | Reached XP level 2. HP: 10/19 MP: 2/2
   354 | D:1      | Reached skill level 3 in Axes
   438 | D:1      | Reached XP level 3. HP: 21/23 MP: 3/3
   619 | D:2      | Found a hide-covered altar of Uskayaw.
   637 | D:2      | Noticed a dagger
   638 | D:2      | Noticed an enchanted hand axe
   650 | D:2      | Found a bloodstained altar of Trog.
   664 | D:2      | Noticed a bullfrog
   668 | D:2      | Killed a bullfrog
   668 | D:2      | Reached skill level 4 in Axes
   668 | D:2      | Reached XP level 4. HP: 28/28 MP: 4/4
   993 | D:2      | Reached XP level 5. HP: 32/32 MP: 5/5
  1738 | D:3      | Found a faded altar of an unknown god.
  1828 | D:3      | Reached skill level 5 in Axes
  1995 | D:3      | HP: 8/32 [wyvern zombie (10)]
  1999 | D:3      | Reached XP level 6. HP: 9/37 MP: 6/6
  2353 | D:3      | Found a blossoming altar of Fedhas.
  2373 | D:3      | Noticed an oklob plant
  3005 | D:4      | Reached skill level 6 in Axes
  3041 | D:4      | Got a steaming ring mail
  3058 | D:4      | Identified the +2 ring mail "Erphiod" {Str+3 Int-4} (You found it on level 4 of the Dungeon)
  3402 | D:4      | Noticed xccam's ghost (novice MfGl)
  3414 | D:4      | Reached XP level 7. HP: 40/41 MP: 7/7
  3643 | D:4      | Killed xccam's ghost
  3643 | D:4      | Reached skill level 7 in Axes
  3735 | D:4      | Reached skill level 8 in Axes
  3894 | D:5      | Entered Level 5 of the Dungeon
  4006 | D:5      | Reached XP level 8. HP: 46/46 MP: 8/8
  4125 | D:5      | Noticed Frank's ghost (amateur OpFi)
  4135 | D:5      | Killed Frank's ghost
  4156 | D:5      | Reached skill level 9 in Axes
  4367 | D:5      | Found Qogova Lyoc's Gadget Boutique.
  5107 | D:7      | Reached skill level 1 in Dodging
  5148 | D:7      | Reached skill level 10 in Axes
  5148 | D:7      | Reached XP level 9. HP: 52/52 MP: 9/9
  5164 | D:7      | Found an iron altar of Okawaru.
  5167 | D:7      | Became a worshipper of Warmaster Okawaru
  5185 | D:7      | Found a staircase to the Ecumenical Temple.
  5453 | D:7      | Reached skill level 4 in Fighting
  5453 | D:7      | Reached skill level 4 in Armour
  5548 | D:7      | Found a sparkling altar of Nemelex Xobeh.
  5974 | D:8      | Found an opulent altar of Gozag.
  5976 | D:8      | Noticed a polar bear
  5989 | D:8      | HP: 12/52 [polar bear (4)]
  6297 | D:6      | HP: 6/52 [polar bear (13)]
  6302 | D:6      | HP: 13/52 [polar bear (11)]
  6736 | D:6      | Reached skill level 2 in Dodging
  6794 | D:6      | Reached * piety under Okawaru
  7280 | D:8      | Noticed Pikel
  7298 | D:8      | Killed Pikel
  7298 | D:8      | Reached skill level 5 in Fighting
  7298 | D:8      | Reached skill level 5 in Armour
  7298 | D:8      | Reached skill level 3 in Dodging
  7352 | D:8      | Noticed a five-headed hydra
  7492 | D:8      | Noticed a polar bear
  7517 | D:8      | Killed a polar bear
  7529 | D:8      | Reached ** piety under Okawaru
  7529 | D:8      | Reached XP level 10. HP: 38/60 MP: 10/10
  7539 | D:8      | Reached skill level 6 in Armour
  7543 | D:8      | Reached skill level 6 in Fighting
  7847 | D:8      | Reached skill level 4 in Dodging
  7854 | D:8      | HP: 14/61 [yak (6)]
  7855 | D:8      | HP: 3/61 [yak (11)]
  8202 | D:8      | Reached skill level 11 in Axes
  8453 | D:8      | Found a deep blue altar of Sif Muna.
  8546 | D:8      | Reached *** piety under Okawaru
  8547 | D:8      | Identified Sif Muna's Grimoire of Lightness
  8622 | D:8      | HP: 12/61 [five-headed hydra (4)]
  8622 | D:8      | HP: 4/61 [five-headed hydra (8)]
  9125 | D:8      | Reached skill level 1 in Invocations
  9207 | D:8      | Got a fine long sword
  9208 | D:8      | Identified the +7 long sword "Q" {elec, rC+ Stlth+} (You found it on level 8 of the Dungeon)
  9218 | D:8      | Noticed a three-headed hydra
  9236 | D:8      | HP: 14/61 [big kobold/warped halberd {chop} (4)]
  9237 | D:8      | Killed a four-headed hydra
  9237 | D:8      | Reached skill level 7 in Fighting
  9237 | D:8      | Reached skill level 7 in Armour
  9237 | D:8      | Reached skill level 2 in Invocations
  9244 | D:8      | HP: 12/63 [big kobold/warped halberd {chop} (2)]
  9246 | D:8      | HP: 3/63 [dream sheep (6)]
  9246 | D:8      | HP: 1/63 [big kobold/warped halberd {chop} (2)]
  9246 | D:8      | Identified the +4 halberd of Ehoho {chop, rN+}
  9246 | D:8      | Slain by a big kobold

Skill      XL: |  1  2  3  4  5  6  7  8  9 10 |
---------------+-------------------------------+-----
Axes           | 2 3 4 5 6 8 10 11 | 11.4
Dodging        | 1 3 4 |  4.7
Fighting       | 5 7 |  7.1
Armour         | 5 7 |  7.2
Invocations    | 2 |  2.3
Shields        | |  3.2

Action                   |  1- 3 |  4- 6 |  7- 9 | 10-12 || total
-------------------------+-------+-------+-------+-------++-------
Melee: War axe           |    95 |   191 |   352 |    98 ||   736
       Flail             |       |       |    35 |    66 ||   101
Invok: Heroism           |       |       |     1 |     3 ||     4
  Use: Scroll            |       |     6 |       |     7 ||    13
       Potion            |       |       |     2 |     2 ||     4
  Eat: Chunk             |       |     5 |    10 |     3 ||    18
       Ration            |       |     1 |     1 |     1 ||     3
Armor: Scale mail        |    62 |    86 |       |       ||   148
       Ring mail         |       |     6 |   243 |   111 ||   360
Dodge: Dodged            |    34 |    65 |   151 |    81 ||   331
Block: Shield            |    59 |   114 |   199 |    79 ||   451

Vault maps used:
D:1:      dpeg_arrival_orchard, minmay_tree_intersection
D:2:      bloody_trog, dancing_weapons_uskayaw, serial_bayou,
          serial_bayou_pond_a, serial_bayou_pond_a, serial_bayou_pond_a,
          serial_bayou_pond_d, serial_bayou_ford_a, serial_bayou_lagoon_a,
          first_ration, kennysheep_potato
D:3:      tgw_fedhas, chequers_ecumenical_altar_twisty, kennysheep_crisscross,
          guppyfry_early_lair_pool
D:5:      serial_shops, nicolae_shop_trees
D:7:      nemelex_xobeh_ov_fountains_minmay, lemuel_doored_altar,
          minmay_temple_entry_water_ring, eino_tiny_chamber, serial_bayou_pond_a
D:8:      slow_altar_2, nicolae_gozag_seed_capital, led_sif_book, serial_ice,
          serial_ice_o, serial_ice_j, serial_ice_c, serial_ice_e, serial_ice_n,
          serial_ice_a, serial_ice_g, serial_ice_b, hangedman_ranch, uniq_pikel

Table legend:
 A = Turns spent in this place as a percentage of turns spent in the entire game.
 B = Non-inter-level travel turns spent in this place as a percentage of non-inter-level travel turns spent in the entire game.
 C = Inter-level travel turns spent in this place as a percentage of turns spent in this place.
 D = Turns resting spent in this place as a percentage of non-inter-level travel turns spent in this place.
 E = Turns spent auto-exploring this place as a percentage of non-inter-level travel turns spent in this place.
 F = Non-inter-level travel turns spent in this place divided by the number of levels of this place that you've seen.
                   A       B       C       D       E      F
               +-------+-------+-------+-------+-------+----------------------
         Total | 100.0 | 100.0 |   2.1 |  18.7 |  52.8 | 1132.0
       Dungeon | 100.0 | 100.0 |   2.1 |  18.7 |  52.8 | 1132.0
               +-------+-------+-------+-------+-------+----------------------

Table legend:
 A = Kills in this place as a percentage of kills in entire the game.
 B = Kills by you in this place as a percentage of kills by you in the entire game.
 C = Kills by friends in this place as a percentage of kills by friends in the entire game.
 D = Other kills in this place as a percentage of other kills in the entire game.
 E = Experience gained in this place as a percentage of experience gained in the entire game.
 F = Experience gained in this place divided by the number of levels of this place that you have seen.
                   A       B       C       D       E      F
               +-------+-------+-------+-------+-------+----------------------
         Total | 100.0 | 100.0 |   N/A |   N/A | 100.0 | 1120.9
       Dungeon | 100.0 | 100.0 |   N/A |   N/A | 100.0 | 1120.9
               +-------+-------+-------+-------+-------+----------------------
